[Event "*** Titled Tuesday Blitz"]
[Site "Chess.com"]
[Date "2020.05.05"]
[Round "6"]
[White "PenguinPacks"]
[Black "S-Fazulyanov"]
[Result "0-1"]
[WhiteElo "2344"]
[BlackElo "2553"]
[TimeControl "180+1"]
[EndTime "11:08:25 PDT"]
[Termination "S-Fazulyanov won by checkmate"]

1. e4 c5 2. Nc3 Nc6 3. g3 g6 4. Bg2 Bg7 5. Nge2 d6 6. O-O Rb8 7. a4 a6 8. d3 e5 9. Nd5 Nge7 10. Nec3 O-O 11. f4 f5 12. Re1 fxe4 13. dxe4 Be6 14. Be3 b5 15. Qd2 Nd4 16. Nxe7+ Qxe7 17. Nd5 Qd7 18. a5 Bxd5 19. exd5 Nf5 20. Bh3 exf4 21. Bxf4 Bxb2 22. Rad1 Bd4+ 23. Kh1 Qf7 24. Re6 b4 25. Rde1 Rbd8 26. Qe2 Bc3 27. Rf1 Qg7 28. Qe4 Qd4 29. Bg5 Qxe4+ 30. Rxe4 Rde8 31. Ref4 Ng7 32. Bf6 Nh5 33.
Bxc3 Nxf4 34. gxf4 h5 35. Bd2 Re2 36. Be6+ Kg7 37.
Rd1 h4 38. f5 gxf5 39. Bf4 Rxc2 40. Bxd6 Rd8 41. Be5+ Kg6 42. Rg1+ Kh5 43. Bf7+ Kh6 44. Bf4+ Kh7 45. Be5 Re2 46. Bf6 Rf8 47. Bg6+ Kh6 48. Ba1 Rg8 49. Bxf5 Rxg1+ 50. Kxg1 Re1+ 51. Kf2 Rxa1 52. Ke2 Kg5 53. d6 Kf6 54. Bc2 Ra2 55. Kd3 Ke6 56.
Kc4 Kxd6 57. Be4 Ra3 58. h3 Rc3# 0-1

[Event "*** Titled Tuesday Blitz"]
[Site "Chess.com"]
[Date "2020.05.05"]
[Round "6"]
[White "Piotrek1979"]
[Black "Mesa_1"]
[Result "0-1"]
[WhiteElo "2279"]
[BlackElo "2441"]
[TimeControl "180+1"]
[EndTime "11:08:25 PDT"]
[Termination "Mesa_1 won on time"]

1. Nf3 Nf6 2. g3 g6 3. Bg2 Bg7 4. O-O O-O 5. c4 c5 6. Nc3 Nc6 7. d4 cxd4 8. Nxd4 Qa5 9. Nb3 Qh5 10. e3 d6 11. Qxh5 Nxh5 12. Nd5 a5 13. a4 Bf5 14.
Nd2 Bd3 15. Re1 e6 16. Nc7 Rac8 17. Nb5 Rfd8 18. Ne4 Bf8 19. g4 Bxe4 20. Bxe4 Nf6 21. Bf3 Ne5 22. Bxb7 Rxc4 23. g5 Ne4 24. Rd1 Nf3+ 25.
Kg2 Nh4+ 26. Kf1 Nxg5 27. f4 Ne4 28. b3 Rb4 29. Ba3 d5 30. Bxb4 Bxb4 31. Rac1 Nc5 32.
Nd4 Rb8 33. Bc6 Ba3 34. Rb1 Kg7 35. Bb5 Bb4 36. Nc6 Ra8 37. Nxb4 axb4 38. Rdc1 Ne4 39. Ke2 Nf5 40. Rc7 Nc3+ 41. Rxc3 bxc3 42. Rc1 d4 43. e4 Nd6 44. Kd3 Nxb5 45. axb5 Rb8 46. Kc4 Kf6 47. Rd1 e5 48. fxe5+ Kxe5 49. Kb4 Kxe4 50.
Re1+ Kd3 51. Re7 c2 52. Rc7 Kd2 0-1

[Event "*** Titled Tuesday Blitz"]
[Site "Chess.com"]
[Date "2020.05.05"]
[Round "6"]
[White "ChessQueen"]
[Black "jonaszmb"]
[Result "0-1"]
[WhiteElo "2679"]
[BlackElo "2504"]
[TimeControl "180+1"]
[EndTime "11:08:26 PDT"]
[Termination "jonaszmb won by resignation"]

1. e4 c5 2. c3 Nf6 3. e5 Nd5 4. d4 cxd4 5. Nf3 e6 6. cxd4 d6 7. Bc4 Nb6 8. Bd3 Bd7 9. O-O Bc6 10. Nc3 N8d7 11. Re1 dxe5 12. Nxe5 Nxe5 13. dxe5 Bb4 14.
Qe2 Bxc3 15. bxc3 Qd5 16. f3 Qc5+ 17. Be3 Qxe5 18. Qc2 Qh5 19. Bd4 O-O 20. Re5 Qh6 21. Rae1 Nd7 22. Be3 Qf6 23. Rh5 h6 24. Bd4 e5 25.
Bxe5 Nxe5 26. Rhxe5 Rfe8 27. Rxe8+ Rxe8 28. Rxe8+ Bxe8 29. Be4 Qb6+ 30. Qf2 Qxf2+ 31. Kxf2 b6 32. Ke3 Kf8 33.
Kd4 Ke7 34. Kd5 Bd7 35. Ke5 Be6 36. a4 f6+ 37. Kd4 Kd6 38. Bd3 Bd7 39. Bb5 Bf5 40.
g3 Bc2 41. h4 g5 42. hxg5 fxg5 43. f4 gxf4 44. gxf4 h5 45. Ke3 h4 46. Kf3 Bd1+ 47. Kg2 Bg4 48. Bd3 Bd7 49. f5 Ke5 50. Kh3 Bxf5+ 51. Bxf5 Kxf5 52. Kxh4 Ke4 53. Kg3 Kd3 0-1

[Event "*** Titled Tuesday Blitz"]
[Site "Chess.com"]
[Date "2020.05.05"]
[Round "6"]
[White "IwkooO"]
[Black "CroissantNeuf"]
[Result "1-0"]
[WhiteElo "2567"]
[BlackElo "2352"]
[TimeControl "180+1"]
[EndTime "11:08:26 PDT"]
[Termination "IwkooO won by resignation"]

1. e4 c6 2. d4 d5 3. e5 c5 4.
dxc5 e6 5. Qg4 Nd7 6. Nf3 Ne7 7. Nc3 Ng6 8. Bb5 Bxc5 9. O-O O-O 10. Qg3 f6 11. exf6 Nxf6 12. Bd3 Nh5 13. Qh3 Nhf4 14. Bxf4 Rxf4 15. Qh5 Qf6 16. Nxd5 exd5 17. Qxd5+ Be6 18. Qxc5 Rxf3 19. gxf3 Nf4 20. Rfe1 Qh4 21. Re4 Rf8 22. Bc4 Bxc4 23. Qxc4+ Kh8 24. Rxf4 Qxf4 25. Qxf4 Rxf4 26. Rd1 h6 27. Kg2 Rf7 28. Rd6 Kh7 29. Kg3 Rc7 30.
c3 a6 31. f4 Re7 32. Rb6 Rf7 33. h4 g6 34. Kg4 h5+ 35. Kf3 Re7 36. Rd6 Kg7 37.
Rd5 Rf7 38. Re5 Rc7 39. Ke4 Rd7 40. f5 gxf5+ 41. Kxf5 Rf7+ 42. Kg5 Rxf2 43. Re7+ Kf8 44. Rxb7 Rd2 45. Kxh5 a5 46. Kg6 1-0

[Event "*** Titled Tuesday Blitz"]
[Site "Chess.com"]
[Date "2020.05.05"]
[Round "6"]
[White "Aureliano-Buendia"]
[Black "Shoytan"]
[Result "0-1"]
[WhiteElo "2399"]
[BlackElo "2584"]
[TimeControl "180+1"]
[EndTime "11:08:27 PDT"]
[Termination "Shoytan won by resignation"]

1. d4 Nf6 2. c4 g6 3. Nc3 Bg7 4. e4 d6 5. Be2 O-O 6. Bg5 c5 7. d5 h6 8. Be3 e6 9. Qd2 exd5 10. cxd5 Re8 11. f3 a6 12. h4 Kh7 13. h5 g5 14. Bd3 Kg8 15. Nge2 b5 16. Ng3 b4 17. Nce2 a5 18. Bxg5 hxg5 19. h6 Bh8 20. Qxg5+ Kf8 21. h7 Ra7 22. Rh6 Re5 23. Qf4 a4 24. Rh2 a3 25. b3 Ke7 26. Bb5 Qf8 27. Qh4 Kd8 28. Rc1 Qe7 29. Kf1 Ne8 30. Bxe8 Qxh4 31. Rxh4 Rxe8 32. Rg4 Rae7 33. Rg8 f6 34. Nf4 Rxh7 35.
Rxe8+ Kxe8 36. Kf2 Kf7 37. Nd3 Nd7 38. Nxb4 cxb4 39.
Rxc8 f5 40. Nxf5 Be5 41. g3 Rh2+ 42. Kg1 Rxa2 43. f4 Rb2 44. fxe5 Nxe5 45. Nxd6+ Kg6 46.
Ra8 a2 47. Nc4 Nxc4 48. bxc4 Rb1+ 49. Kf2 a1=Q 50. Rxa1 Rxa1 51. e5 b3 52. d6 b2 53.
d7 Rd1 54. e6 b1=Q 0-1

[Event "*** Titled Tuesday Blitz"]
[Site "Chess.com"]
[Date "2020.05.05"]
[Round "6"]
[White "GMJustin"]
[Black "mshuaau0"]
[Result "1-0"]
[WhiteElo "2380"]
[BlackElo "2121"]
[TimeControl "180+1"]
[EndTime "11:08:27 PDT"]
[Termination "GMJustin won by resignation"]

1. e4 e5 2. c3 d5 3. exd5 Qxd5 4. d4 exd4 5. cxd4 Nc6 6. Nf3 Bg4 7. Be2 O-O-O 8.
O-O Bxf3 9. Bxf3 Qxd4 10. Qb3 Qb6 11. Qxf7 Nf6 12. Be3 Qxb2 13. Bxc6 bxc6 14. Qe6+ Rd7 15. Nd2 Bd6 16. Nc4 Qc3 17. Nxd6+ cxd6 18. Rfc1 Qe5 19. Rxc6+ Kb7 20. Qb3+ Kxc6 21. Rc1+ Qc5 22. Bxc5 dxc5 23. Qa4+ Kc7 24. Rxc5+ Kd6 25. Qc6+ Ke7 26. Re5+ Kf7 27.
h3 Rhd8 28. Qe6+ Kg6 29. g4 h6 30. h4 Rd6 31. Qf5+ Kf7 32. g5 hxg5 33. hxg5 g6 34. Qf3 Rh8 35. gxf6 Rxf6 36. Qg3 Rh5 37. Rxh5 gxh5 38.
Kf1 Rg6 39. Qe5 Rf6 40. Qxh5+ Ke7 41. Qa5 Re6 42. Qxa7+ Kf6 43. Qd4+ Kf7 44. f3 Ke7 45.
Qf4 Ra6 46. Kf2 Rxa2+ 47. Kg3 Ra6 48. Kg4 Re6 49. Qf5 Ra6 50. f4 Ra4 51. Qe5+ Kf8 52. Kg5 Ra7 53. f5 Rf7 54. Kg6 Ra7 55. Qb8+ Ke7 56. f6+ Ke6 57. Qxa7 1-0

[Event "*** Titled Tuesday Blitz"]
[Site "Chess.com"]
[Date "2020.05.05"]
[Round "6"]
[White "Alexander_Moskalenko"]
[Black "NikolaGry"]
[Result "0-1"]
[WhiteElo "2823"]
[BlackElo "2632"]
[TimeControl "180+1"]
[EndTime "11:08:28 PDT"]
[Termination "NikolaGry won on time"]

1. d4 d5 2. Bg5 c6 3. e3 Qb6 4. Qc1 Bf5 5. c4 e6 6. c5 Qc7 7.
Nc3 Nd7 8. Nf3 f6 9. Bf4 e5 10.
Bg3 h5 11. Be2 Ne7 12. b4 g5 13. h4 g4 14. Nd2 Bg6 15. e4 Bh6 16. Qb2 O-O 17. Rd1 f5 18. exd5 Nxd5 19. Nxd5 cxd5 20. Bxe5 Nxe5 21. dxe5 Rae8 22. O-O f4 23. Nb3 Rxe5 24. Bd3 Bxd3 25. Rxd3 Bg7 26. Qd2 Qe7 27. Rxd5 Re2 28. Rd7 Qe6 29. Qd6 f3 30. Qxe6+ Rxe6 31. Rxb7 g3 32. fxg3 f2+ 33. Kh2 Re1 34. Rxg7+ Kxg7 35. Nd2 Rxf1 36. Nxf1 Re8 37. g4 Re1 38. Kg3 Rxf1 39.
a3 hxg4 40. h5 Kh6 41. b5 Kxh5 42. c6 Rc1 43. Kxf2 Rc3 44. a4 Rc4 45. a5 Kg6 46.
Kg3 Kf6 47. Kh4 Ke6 48. b6 axb6 49. axb6 Rxc6 50. b7 Rb6 51. Kxg4 Rxb7 52. Kh5 Rg7 53. g4 Kf6 54. g5+ Rxg5+ 0-1

[Event "*** Titled Tuesday Blitz"]
[Site "Chess.com"]
[Date "2020.05.05"]
[Round "6"]
[White "Gordima"]
[Black "NewBornNow"]
[Result "1-0"]
[WhiteElo "2793"]
[BlackElo "2599"]
[TimeControl "180+1"]
[EndTime "11:08:28 PDT"]
[Termination "Gordima won by resignation"]

1. d4 Nf6 2. c4 Nc6 3. Nf3 e6 4. g3 Bb4+ 5. Nbd2 d5 6. Qc2 dxc4 7. Qxc4 Qd5 8. Qxd5 exd5 9. a3 Bd6 10. Bg2 O-O 11.
O-O a5 12. b3 b6 13. Bb2 Ba6 14. Rfc1 Ne7 15. e3 a4 16. b4 Bd3 17. Ne5 Be4 18. Nxe4 Nxe4 19. Rc2 f5 20. Nd3 g5 21. f3 Nf6 22. Rac1 g4 23. Nf4 gxf3 24. Bxf3 Ne4 25.
Ne6 Rfc8 26. Nxc7 Bxc7 27. Rxc7 Rxc7 28. Rxc7 Kf7 29. g4 Rc8 30. Rxc8 Nxc8 31. gxf5 Ncd6 32. b5 Nxb5 33. Bd1 Nbc3 34. Bc2 Nb5 35. Bxa4 Ned6 36. Kf2 Kf6 37. Bc1 Kxf5 38. Bc2+ Ne4+ 39. Kf3 Nd6 40. Bd2 Ke6 41. Bb4 h5 42. h4 Nf5 43.
Bxe4 dxe4+ 44. Kxe4 Nxh4 45. Kf4 Ng2+ 46. Kf3 Nh4+ 47.
Kf4 Ng2+ 48. Kf3 Nh4+ 49. Kg3 Nf5+ 50. Kf4 h4 51. d5+ Kxd5 52. e4+ Kc6 53. exf5 h3 54. Kg3 1-0

[Event "*** Titled Tuesday Blitz"]
[Site "Chess.com"]
[Date "2020.05.05"]
[Round "6"]
[White "MasterKroket"]
[Black "IsikCan"]
[Result "1/2-1/2"]
[WhiteElo "2449"]
[BlackElo "2618"]
[TimeControl "180+1"]
[EndTime "11:08:29 PDT"]
[Termination "Game drawn by repetition"]

1. d4 d5 2. c4 c6 3. Nf3 Nf6 4. Nc3 dxc4 5. a4 Bf5 6. e3 e6 7. Bxc4 Bb4 8. O-O Nbd7 9. h3 O-O 10. Nh4 Nb6 11. Bb3 Nbd5 12. Nxf5 exf5 13. Bd2 Bd6 14. Qf3 Qd7 15. a5 a6 16. Kh1 Nxc3 17.
bxc3 Ne4 18. Be1 g6 19. c4 h5 20. c5 Bc7 21. Bc2 Rae8 22. Bb4 Bb8 23. Rae1 h4 24. Bxe4 Rxe4 25. Qd1 Rfe8 26. Bd2 g5 27. Qh5 f6 28.
f3 R4e7 29. e4 Qxd4 30. Qg6+ Kh8 31. exf5 Rxe1 32. Rxe1 Rxe1+ 33. Bxe1 Qe5 34. Qh6+ Kg8 35. Qg6+ Kf8 36. Qh6+ Ke8 37. Qh8+ Kd7 38. Qg7+ Qe7 39. Qxe7+ Kxe7 40. Bb4 Bf4 41. Kg1 Be3+ 42. Kf1 Bf4 43. Ke2 Bh2 44. Kd3 Kd7 45. Ke4 Ke7 46. Bc3 Bg1 47. Bd4 Bh2 48. Be3 Bg3 49. f4 gxf4 50. Bxf4 Be1 51. Bc7 Kf7 52. Kf3 Kg7 53. Kg4 Kf7 54.
Kh5 Kg7 55. Bb6 Bf2 56. Ba7 Be1 57. Bb6 Bg3 58. Bd8 Be1 59. Bb6 1/2-1/2

[Event "*** Titled Tuesday Blitz"]
[Site "Chess.com"]
[Date "2020.05.05"]
[Round "6"]
[White "dpopadic"]
[Black "Shukh_Nikolay"]
[Result "1-0"]
[WhiteElo "2359"]
[BlackElo "2519"]
[TimeControl "180+1"]
[EndTime "11:08:29 PDT"]
[Termination "dpopadic won by resignation"]

1. e4 c5 2. Nc3 Nc6 3. f4 e6 4. Nf3 d6 5. Bc4 Nf6 6. d3 Be7 7. O-O d5 8. Bb5 dxe4 9. Bxc6+ bxc6 10. Nxe4 O-O 11. Qe2 a5 12. a4 c4 13. dxc4 Nxe4 14.
Qxe4 Qb6+ 15. Kh1 Bb7 16. b3 c5 17. Qe2 Bf6 18. Rb1 Rad8 19. Ne5 Rd6 20. Bb2 Rfd8 21. Rbd1 h6 22. h3 Ba8 23. Rxd6 Rxd6 24. Rd1 g6 25. Rxd6 Qxd6 26. Qd3 Qc7 27. Kg1 h5 28. Bc3 Qb7 29. Qe2 Kg7 30. Bxa5 h4 31. Bc3 Kg8 32. Be1 Qc7 33. Bf2 g5 34. Ng4 Be7 35. fxg5 Bxg5 36. Be3 Be7 37. Qf2 Kf8 38. Bf4 Qc6 39. Ne5 Qe4 40. Bh6+ Ke8 41. Qxf7+ Kd8 42. Nf3 Qxc2 43. Qg8+ Kc7 44. Qxa8 Qd1+ 45. Kf2 Qc2+ 46. Kf1 Qd1+ 47. Kf2 Qc2+ 48. Bd2 Bf6 49. Qa7+ Kd6 50. Qb6+ Kd7 51. Qxc5 Qxb3 52. Qb5+ Qxb5 53. axb5 1-0

[Event "*** Titled Tuesday Blitz"]
[Site "Chess.com"]
[Date "2020.05.05"]
[Round "6"]
[White "CakeinSpace2002"]
[Black "SaqoChess_Twitch"]
[Result "0-1"]
[WhiteElo "2211"]
[BlackElo "2404"]
[TimeControl "180+1"]
[EndTime "11:08:29 PDT"]
[Termination "SaqoChess_Twitch won on time"]

1. e4 c5 2. Nf3 d6 3. Bb5+ Bd7 4. Bxd7+ Qxd7 5. O-O Nc6 6. Re1 Nf6 7. c3 e6 8. d4 cxd4 9. cxd4 d5 10. e5 Ne4 11.
Nbd2 Nxd2 12. Bxd2 Be7 13. Rc1 O-O 14. Rc3 Rfc8 15. Rd3 Bb4 16. Ng5 Bxd2 17. Qxd2 h6 18. Nh3 a6 19. Rg3 Kh7 20. Nf4 Ne7 21. Nh5 Ng6 22.
Rh3 Qd8 23. Rf3 Qh4 24. Ng3 Rc7 25. h3 Rac8 26. Rb3 Rc2 27. Qe3 R8c7 28. Re2 Rc1+ 29. Re1 Qf4 30. Rxc1 Rxc1+ 31. Kh2 Qxe3 32. fxe3 Rc7 33.
e4 Nf4 34. exd5 Nxd5 35. Ne4 b5 36. Nc5 Rc6 37. Ra3 Nb4 38. Rf3 Kg8 39. a3 Nc2 40. Rf4 Nxd4 41. Nxa6 Nf5 42. Nb4 Rc5 43. Re4 h5 44.
Na6 Rc2 45. b4 h4 46. Kg1 g5 47. Rg4 Rc1+ 48. Kf2 Rc2+ 49. Kg1 f6 50. exf6 Kf7 51. Rxg5 Kxf6 52. Rg4 Ne3 53. Rf4+ Kg5 54. Rf3 Rxg2+ 55. Kh1 Re2 56. Nc7 Nf5 57. Nxb5 e5 0-1

[Event "*** Titled Tuesday Blitz"]
[Site "Chess.com"]
[Date "2020.05.05"]
[Round "6"]
[White "afgano29"]
[Black "DrVitman"]
[Result "0-1"]
[WhiteElo "2691"]
[BlackElo "2524"]
[TimeControl "180+1"]
[EndTime "11:08:30 PDT"]
[Termination "DrVitman won by resignation"]

1. d4 Nf6 2. c4 g6 3. Nc3 d5 4.
Nf3 Bg7 5. Bg5 Ne4 6. cxd5 Nxg5 7. Nxg5 e6 8. Nf3 exd5 9. e3 O-O 10. Be2 c6 11. b4 Qe7 12. Rb1 a6 13. O-O b5 14.
Nd2 Nd7 15. a3 Nb6 16. Nb3 Nc4 17. Qc1 Bf5 18. Ra1 h5 19. Nc5 h4 20. a4 h3 21. g3 Bh6 22. Bxc4 bxc4 23. Qd2 Bg4 24. b5 axb5 25. axb5 Rxa1 26. Rxa1 Qf6 27. f4 cxb5 28.
Nxd5 Qd8 29. e4 Bg7 30. Ra7 Be6 31. Ne7+ Kh7 32. Nc6 Qb6 33. Ra6 Qc7 34. Nxe6 fxe6 35. e5 Qb7 36. Qa5 Rc8 37. Rb6 Qd7 38. Qxb5 c3 39. Qc4 Qc7 40. Ra6 Qb7 41. d5 exd5 42. Qa4 c2 43. Qxc2 Qxa6 44. f5 Qxc6 45. fxg6+ Kh8 46. Qf5 Qc1+ 47. Kf2 Rc2+ 48. Kf3 Qf1+ 49. Kg4 Qxf5+ 0-1

[Event "*** Titled Tuesday Blitz"]
[Site "Chess.com"]
[Date "2020.05.05"]
[Round "6"]
[White "ilya261991"]
[Black "APOKALIPSA13"]
[Result "1-0"]
[WhiteElo "2520"]
[BlackElo "2243"]
[TimeControl "180+1"]
[EndTime "11:08:30 PDT"]
[Termination "ilya261991 won by resignation"]

1. d4 Nf6 2. g3 e6 3. Bg2 d5 4. Nf3 c6 5. O-O Be7 6. Nbd2 O-O 7. Re1 Nbd7 8. e4 dxe4 9. Nxe4 Nxe4 10. Rxe4 Nf6 11.
Re1 c5 12. c3 cxd4 13. Nxd4 Qc7 14. Bf4 Qb6 15. Qc2 Bd7 16. Be3 Qc7 17. Bf4 Qb6 18.
a4 Rac8 19. Qe2 a6 20. Be3 Qc7 21. Nf3 Nd5 22. Bd4 Bf6 23. Ne5 Rfd8 24. Bxd5 exd5 25. Nxd7 Bxd4 26. Ne5 Bc5 27. Nf3 Re8 28. Qd2 Qc6 29.
Nd4 Qf6 30. Rxe8+ Rxe8 31. Rd1 h6 32. Kg2 Bxd4 33. Qxd4 Qxd4 34. Rxd4 Re5 35. Kf3 Kf8 36. h4 Ke7 37. Rb4 Rf5+ 38. Ke2 Re5+ 39. Kf1 Kf6 40. Rxb7 Re6 41. a5 Ke5 42. Rxf7 g5 43. hxg5 hxg5 44. Rb7 d4 45. cxd4+ Kxd4 46. Rb6 Re5 47. Rxa6 Kc4 48. Rc6+ Kb5 49. Rc3 Kxa5 50. Kg2 Kb4 51. g4 Re4 52.
Kg3 Re2 53. Rf3 Rxb2 54. Rf5 Kc4 55. Rxg5 Kd4 56. Rg8 Ke4 57. Re8+ Kd5 58. f4 Rb3+ 59. Kh4 Rf3 60. f5 Kd6 61. Kg5 Kd7 62. Re4 1-0

[Event "*** Titled Tuesday Blitz"]
[Site "Chess.com"]
[Date "2020.05.05"]
[Round "6"]
[White "bolence16"]
[Black "czasnaszachy"]
[Result "1-0"]
[WhiteElo "2158"]
[BlackElo "2275"]
[TimeControl "180+1"]
[EndTime "11:08:30 PDT"]
[Termination "bolence16 won on time"]

1. e4 c5 2. Nf3 e6 3. c3 Nf6 4. e5 Nd5 5. d4 cxd4 6. Bc4 Nb6 7. Bb3 Nc6 8. cxd4 d6 9. O-O dxe5 10. dxe5 Qxd1 11. Rxd1 Bc5 12. Nc3 O-O 13. Ne4 Be7 14.
Nd6 Bxd6 15. exd6 Bd7 16. Be3 Na5 17. Bxb6 axb6 18. Rac1 Nxb3 19. axb3 Rfc8 20. Rc7 Bc6 21. Ne5 f6 22. Nxc6 bxc6 23. h3 Kf8 24. Rb7 Rcb8 25. Re7 e5 26. Rc7 c5 27. d7 Rd8 28. Rd6 Ke7 29. Rxb6 Rxd7 30. Rxd7+ Kxd7 31. Rb7+ Ke6 32. Rxg7 Rb8 33. Rg3 h5 34. Rc3 Kd5 35. g4 hxg4 36. hxg4 Rb4 37. Rg3 Ke4 38. Kg2 Kf4 39. Kh3 Rd4 40.
Rc3 Rd2 41. Kg2 Rxb2 42. Rc4+ Kg5 43. Rxc5 Rxb3 44. f3 Kf4 45. Rc4+ Ke3 46. Rc6 Rb2+ 47.
Kg3 f5 48. gxf5 Rb7 49. f6 Rf7 50. Kg4 e4 51. fxe4 Kxe4 52. Kg5 Kd5 53. Ra6 Ke5 54. Kg6 Rf8 55. f7 Rb8 56. Kg7 Rb7 57. Kg8 1-0

[Event "*** Titled Tuesday Blitz"]
[Site "Chess.com"]
[Date "2020.05.05"]
[Round "6"]
[White "putra48"]
[Black "sergoy"]
[Result "1/2-1/2"]
[WhiteElo "2627"]
[BlackElo "2851"]
[TimeControl "180+1"]
[EndTime "11:08:31 PDT"]
[Termination "Game drawn by repetition"]

1. e4 c5 2. c3 Nf6 3. e5 Nd5 4.
d4 cxd4 5. Nf3 e6 6. cxd4 d6 7. Nc3 Nxc3 8. bxc3 Qc7 9. Qb3 Nd7 10.
exd6 Bxd6 11. Ba3 O-O 12. Bd3 b6 13. Bxd6 Qxd6 14. Qc2 h6 15. Bh7+ Kh8 16. Be4 Rb8 17. O-O Ba6 18. Rfe1 Rfc8 19. Qa4 b5 20. Qb3 Bb7 21.
Bxb7 Rxb7 22. a4 b4 23. cxb4 Rxb4 24. Qd3 a5 25. Rac1 Rd8 26. Qc2 Kg8 27. h3 Nf6 28. Rb1 Rdb8 29. Rxb4 axb4 30. Rb1 Nd5 31. a5 Qa6 32.
Ne5 Rc8 33. Qa4 Nc3 34. Qd7 Nxb1 35. Qxf7+ Kh8 36. Ng6+ Kh7 37. Ne7 Nd2 38. d5 Ne4 39. Qg6+ Kh8 40. Nxc8 Nf6 41. Ne7 Qd6 42. Qf7 exd5 43.
Ng6+ Kh7 44. Nf8+ Kh8 45. Ng6+ Kh7 46. Nf8+ Kh8 47. Ng6+ 1/2-1/2

[Event "*** Titled Tuesday Blitz"]
[Site "Chess.com"]
[Date "2020.05.05"]
[Round "6"]
[White "GoValya"]
[Black "jlandaw"]
[Result "0-1"]
[WhiteElo "2172"]
[BlackElo "2368"]
[TimeControl "180+1"]
[EndTime "11:08:31 PDT"]
[Termination "jlandaw won by checkmate"]

1. d4 d5 2. Nf3 c6 3. g3 Nf6 4. Bg2 g6 5. O-O Bg7 6. c4 O-O 7. Nc3 a6 8. Ne5 e6 9. e4 dxe4 10. Nxe4 Nxe4 11. Bxe4 Nd7 12. Nxd7 Bxd7 13. Be3 Qe7 14.
Qb3 Bc8 15. Rac1 Rd8 16. Rfd1 a5 17. c5 e5 18. d5 cxd5 19. Bxd5 Bg4 20. Rd2 Rab8 21.
Qa4 Rxd5 22. Rxd5 Bf3 23. Qd7 Qf6 24. Rd6 Qf5 25. Qxf5 gxf5 26. Bd2 e4 27. Bxa5 Bxb2 28. Rc2 Be5 29. Rd8+ Rxd8 30. Bxd8 Kf8 31. Bc7 Bxc7 32. c6 b6 33. Rd2 e3 34. fxe3 Ke8 35.
Rd7 Bd8 36. Rb7 Bxc6 37. Ra7 Bd7 38. a4 Be6 39. Kf2 Bd7 40. Kf3 Ke7 41. Kf4 Kd6 42. Rb7 Bc7 43. Ra7 Bc6 44. Ra6 Kc5+ 45. Kxf5 Bb7 46.
Ra7 Kc6 47. Kf6 Bb8 48. Rxb7 Kxb7 49. Kxf7 Ka6 50. e4 Ka5 51. Kf6 Kxa4 52. e5 Bxe5+ 53. Kxe5 b5 54. Kd4 Ka3 55. h4 b4 56. g4 b3 57. h5 b2 58. g5 b1=Q 59. Ke5 Qh1 60. h6 Qh5 61. Kf6 Qg6+ 62. Ke5 Kb4 63. Kf4 Kc5 64.
Kg4 Kd5 65. Kh4 Ke5 66. Kg4 Ke4 67. Kh4 Kf3 68. Kh3 Qh5# 0-1

[Event "*** Titled Tuesday Blitz"]
[Site "Chess.com"]
[Date "2020.05.05"]
[Round "6"]
[White "KaterinaMiroshnik"]
[Black "tioloko"]
[Result "0-1"]
[WhiteElo "2441"]
[BlackElo "2627"]
[TimeControl "180+1"]
[EndTime "11:08:32 PDT"]
[Termination "tioloko won by resignation"]

1. d3 c5 2. Nd2 Nc6 3. Ngf3 d5 4.
e4 g6 5. Be2 Bg7 6. O-O Nf6 7.
c3 O-O 8. Qc2 e5 9. Re1 Re8 10.
Nf1 h6 11. Ng3 d4 12. Bd2 Be6 13. c4 a6 14. Reb1 a5 15. Ne1 Nd7 16. f4 exf4 17. Bxf4 Nde5 18. Qc1 Kh7 19. Nf3 Bd7 20. Qd2 Qe7 21. Rf1 Rf8 22. Nxe5 Nxe5 23. Rf2 b5 24. b3 a4 25. Raf1 axb3 26. axb3 Ra3 27. Bd1 bxc4 28. dxc4 d3 29. Kh1 Be6 30. Bxe5 Bxe5 31. Qxd3 Rd8 32. Qc2 Qh4 33. Rf3 Ra1 34. Be2 Rxf1+ 35.
Bxf1 Rd4 36. Re3 Bxg3 37. Rxg3 Rxe4 38. Rf3 Re1 39. Qf2 Qxf2 40. Rxf2 Rb1 41. Rf3 Bf5 42. Kg1 Kg7 43. Kf2 Bc2 44. Be2 Rxb3 45. Rxb3 Bxb3 46. Ke3 Kf6 47. Bd3 Ke5 48. g3 f5 49. Be2 g5 50. h3 f4+ 51. gxf4+ gxf4+ 52. Kd3 Ba4 53.
Bf3 Bd7 54. Bg2 Bf5+ 55. Kc3 Be4 56. Bf1 f3 57. Kd2 Kf4 58. h4 Bf5 59. h5 Bg4 60.
Ke1 Ke3 61. Be2 f2+ 0-1

[Event "*** Titled Tuesday Blitz"]
[Site "Chess.com"]
[Date "2020.05.05"]
[Round "6"]
[White "gurelediz"]
[Black "THE_PLAYER6"]
[Result "1-0"]
[WhiteElo "2573"]
[BlackElo "2421"]
[TimeControl "180+1"]
[EndTime "11:08:33 PDT"]
[Termination "gurelediz won by resignation"]

1. e4 c5 2. Nf3 d6 3. d4 cxd4 4. Nxd4 Nf6 5. Nc3 a6 6. Bg5 e6 7.
f4 h6 8. Bh4 Qb6 9. a3 Be7 10. Bf2 Qc7 11. Qf3 Nbd7 12. O-O-O b5 13. g4 Bb7 14. g5 hxg5 15. fxg5 Ne5 16. Qg2 Nfg4 17. h4 Nxf2 18. Qxf2 Bxg5+ 19. hxg5 Rxh1 20. Bxb5+ axb5 21. Rxh1 b4 22. Ncb5 Nd3+ 23. Kb1 Nxf2 24. Nxc7+ Kd8 25. Rf1 Kxc7 26. Rxf2 bxa3 27. Rxf7+ Kb6 28.
Nxe6 a2+ 29. Ka1 Bxe4 30. Nd4 Kc5 31. c3 Rh8 32. Rxg7 Bd5 33. b3 Rh2 34. g6 Be4 35. Rg8 Kd5 36. g7 Rg2 37. Ra8 Rg1+ 38. Kxa2 Bb1+ 39. Kb2 Bh7 40. Ra7 Rg2+ 41. Ka3 Ke5 42.
Kb4 Kf6 43. Nb5 d5 44. Kc5 Bc2 45. b4 Rxg7 46. Rxg7 Kxg7 47. Kxd5 Kf7 48. Kd6 Ke8 49. Kc7 Bd3 50. Nd6+ Ke7 51. b5 Ke6 52. b6 Ba6 53. c4 Ke5 54. c5 Kd5 55. c6 Bb7 56. cxb7 1-0

[Event "*** Titled Tuesday Blitz"]
[Site "Chess.com"]
[Date "2020.05.05"]
[Round "6"]
[White "WiktoriaPOL"]
[Black "chenxiaoyuer"]
[Result "1/2-1/2"]
[WhiteElo "2031"]
[BlackElo "2210"]
[TimeControl "180+1"]
[EndTime "11:08:33 PDT"]
[Termination "Game drawn by repetition"]

1. c4 Nf6 2. Nc3 g6 3. g3 Bg7 4. Bg2 O-O 5. e4 d6 6. Nge2 c5 7. O-O Nc6 8. d3 Ne8 9. f4 Nc7 10. Be3 Bg4 11. h3 Bxe2 12. Qxe2 Bd4 13. g4 f6 14. f5 g5 15. Bxd4 Nxd4 16. Qf2 Rb8 17. a4 Na6 18. h4 h6 19. hxg5 hxg5 20. Qg3 Kg7 21. Kf2 Nb4 22. Rh1 Qa5 23. Rh3 Rh8 24. Rah1 Rxh3 25. Qxh3 Rg8 26. Qh7+ Kf8 27. Bf1 Na2 28.
Nd5 Qd2+ 29. Kg3 Qe1+ 30. Kg2 Qd2+ 31. Kg3 Nc6 32. Nc7 Qf4+ 33. Kg2 Qxg4+ 34. Kf2 Qf4+ 35. Kg1 Qg3+ 36. Bg2 Nd8 37. Ne6+ Nxe6 38. fxe6 Qe3+ 39. Kf1 Qxd3+ 40. Kg1 Qe3+ 41. Kf1 Qf4+ 42. Kg1 Qc1+ 43. Kh2 Qf4+ 44. Kg1 Qe3+ 45. Kf1 Qc1+ 46. Kf2 Qxb2+ 47. Kf1 Qc1+ 48. Kf2 Qf4+ 49. Kg1 Qe3+ 50. Kf1 Qc1+ 51. Kf2 Qd2+ 52. Kf1 Qf4+ 53. Ke1 Qe3+ 54. Kf1 Qf4+ 55.
Ke1 Qe3+ 56. Kf1 1/2-1/2

[Event "*** Titled Tuesday Blitz"]
[Site "Chess.com"]
[Date "2020.05.05"]
[Round "6"]
[White "Tsukasa06"]
[Black "Kate1606"]
[Result "0-1"]
[WhiteElo "2218"]
[BlackElo "2109"]
[TimeControl "180+1"]
[EndTime "11:08:33 PDT"]
[Termination "Kate1606 won by resignation"]

1. e4 c5 2. c3 g6 3. d4 cxd4 4. cxd4 d5 5. Nc3 dxe4 6. Bc4 Bg7 7. Qb3 e6 8. Nge2 Nf6 9. Bg5 h6 10. Bh4 g5 11. Bg3 O-O 12. O-O-O Nc6 13. d5 Na5 14.
Qb4 Nxc4 15. Qxc4 exd5 16. Nxd5 Nxd5 17. Rxd5 Qb6 18. Rb5 Be6 19. Qb4 Rac8+ 20. Kb1 Qa6 21. Qa5 Bc4 22. Qxa6 bxa6 23. Rb7 Bxe2 24. Rxa7 Bd3+ 25.
Ka1 Rc2 26. Rb7 Rfc8 27. a4 R8c4 28. Ka2 Rxa4+ 29. Kb3 Rxb2+ 30. Kxa4 Rxb7 31. Rc1 Bb5+ 32. Ka3 Bf8+ 33. Ka2 Kh7 34. Rc8 Bg7 35. Rc5 Bd3 36.
Be5 Bxe5 37. Rxe5 Bb1+ 38. Ka1 Bd3 39. f3 exf3 40. gxf3 Kg6 41. Rd5 Bf5 42. Rd6+ f6 43. Rxa6 Rb1+ 44. Ka2 Rh1 45. Ra8 Rxh2+ 46. Kb3 Rf2 47.
Rg8+ Kh5 48. Rb8 Rxf3+ 49. Kc4 Kg4 50. Rh8 Rf4+ 51. Kc3 h5 52. Kd2 h4 53. Ke2 Kg3 54. Ke3 Rf3+ 55. Ke2 Bg4 56. Rh6 Rf5+ 57. Ke1 h3 58.
Rh8 h2 59. Rh7 Kg2 60. Kd2 h1=Q 61. Rxh1 Kxh1 62. Ke3 Rf3+ 63. Ke4 Bh5 64. Kd5 g4 65. Ke4 g3 66. Kd5 g2 67. Ke6 g1=Q 0-1

[Event "*** Titled Tuesday Blitz"]
[Site "Chess.com"]
[Date "2020.05.05"]
[Round "6"]
[White "LittlePeasant"]
[Black "tvjosue"]
[Result "1-0"]
[WhiteElo "2753"]
[BlackElo "2561"]
[TimeControl "180+1"]
[EndTime "11:08:34 PDT"]
[Termination "LittlePeasant won on time"]

1. Nf3 g6 2. g3 Bg7 3. Bg2 c5 4. O-O Nc6 5. c3 Nf6 6. d4 cxd4 7. cxd4 O-O 8. d5 Na5 9. Nc3 d6 10. Nd4 Bd7 11. b3 Qb6 12. Bb2 Rfc8 13. Qd2 Ng4 14. Rad1 Ne5 15. Ba1 Qb4 16. h3 Be8 17. Kh1 Rc7 18. f4 Nd7 19. Ncb5 Qxd2 20. Rxd2 Rcc8 21. Bc3 a6 22. Bxa5 axb5 23. Bb4 Bxd4 24. Rxd4 Rxa2 25. Bf3 Nc5 26. Rb1 Bd7 27. g4 Rca8 28. Bc3 Rc2 29. Be1 Rca2 30. b4 Ra1 31. Rdd1 Rxb1 32. Rxb1 Na4 33. Bf2 Rc8 34. Kg1 Rc2 35. Kf1 f6 36. Bd4 Kf7 37. Ke1 Rc4 38. e3 h6 39. h4 g5 40. hxg5 fxg5 41. f5 Bc8 42. Kd2 Bd7 43. Rh1 Rxb4 44. Rxh6 Nc5 45. Rh7+ Kf8 46. Bxc5 dxc5 47.
d6 Rb2+ 48. Kc3 Rf2 49. dxe7+ Ke8 50. Bxb7 b4+ 51. Kc4 Rc2+ 52. Kd5 Rd2+ 53. Ke5 b3 54. Kf6 Rd6+ 55. Ke5 Rd3 56. f6 Rxe3+ 57. Be4 1-0